[Event "Eurasia Open Cup 2018"]
[Site "Jekaterienburg"]
[Date "2018.08.09"]
[Round "8"]
[White "Shaposhnikov, Evgeny"]
[Black "Mokshanov, Alexey"]
[Result "1/2-1/2"]
[ECO "C07"]
[WhiteElo "2588"]
[BlackElo "2439"]
[Annotator "ChessBase"]
[PlyCount "124"]
[EventDate "2018.08.01"]
[EventType "swiss"]
[EventCountry "RUS"]
[SourceTitle "playchess.com"]
[Source "ChessBase"]
[SourceQuality "1"]
[TimeControl "5400+30"]

1. e4 e6 2. d4 d5 3. Nd2 c5 4. Ngf3 cxd4 5. Nxd4 Nc6 6. Nxc6 bxc6 7. Bd3 Bd6 8. Qe2 Qc7 9. Nf3 Ne7 10. e5 Bc5 11. O-O a5 12. Bf4 h6 13. c4 Ba6 14. Rac1 Qb6 15. b3 a4 16. Rb1 axb3 17. axb3 Qb7 18. b4 dxc4 19. Bxc4 Bxc4 20. Qxc4 Ba7 21. Nd2 Nd5 22. Ne4 O-O 23. Qc1 Qc7 24. Bg3 Bd4 25. b5 cxb5 26. Qxc7 Nxc7 27. Rfc1 Nd5 28. Rxb5 Rfc8 29. Rxc8+ Rxc8 30. h4 Nc3 31. Nxc3 Rxc3 32. Kh2 h5 33. Rb4 Bc5 34. Rb7 Bd4 35. Rd7 Rc4 36. f3 Bc3 37. Kh3 Rc5 38. f4 Rc4 39. Bh2 Ba5 40. Rd1 Kh7 41. g3 Kg6 42. Bg1 Kf5 43. Rd7 Rc7 44. Rxc7 Bxc7 45. Kg2 Kg4 46. Bd4 Ba5 47. Kf2 Bd2 48. Bb2 Ba5 49. Bd4 Bc7 50. Kg2 Kf5 51. Bc5 f6 52. Bd6 Bb6 53. exf6 gxf6 54. Kf3 Bd4 55. Bc7 e5 56. fxe5 fxe5 57. Bb8 e4+ 58. Ke2 Ke6 59. Bc7 Be5 60. Bxe5 Kxe5 61. Ke3 Kf5 62. Ke2 Ke6 1/2-1/2

[Event "Eurasia Open Cup 2018"]
[Site "Jekaterienburg"]
[Date "2018.08.09"]
[Round "8"]
[White "Sorokin, Aleksey"]
[Black "Fakhrutdinov, Timur"]
[Result "1/2-1/2"]
[ECO "E08"]
[WhiteElo "2519"]
[BlackElo "2463"]
[Annotator "ChessBase"]
[PlyCount "84"]
[EventDate "2018.08.01"]
[EventType "swiss"]
[EventCountry "RUS"]
[SourceTitle "playchess.com"]
[Source "ChessBase"]
[SourceQuality "1"]
[TimeControl "5400+30"]

1. d4 Nf6 2. c4 e6 3. Nf3 d5 4. g3 Bb4+ 5. Bd2 Be7 6. Bg2 O-O 7. O-O c6 8. Qc2 Nbd7 9. Rd1 b6 10. Bf4 Ba6 11. cxd5 cxd5 12. Ne5 Nxe5 13. dxe5 Ng4 14. Bf3 f5 15. exf6 Nxf6 16. Qa4 Bb7 17. Nd2 Qe8 18. Qxe8 Rfxe8 19. Nc4 Red8 20. Rac1 Rac8 21. h4 Rc5 22. Ne5 Rdc8 23. Rxc5 Rxc5 24. g4 Bc8 25. g5 Nd7 26. Nxd7 Bxd7 27. e4 Bc6 28. Be3 Rc2 29. exd5 Bxd5 30. Bxd5 exd5 31. Rxd5 Rxb2 32. Rd7 Bc5 33. Bxc5 bxc5 34. a3 c4 35. Rxa7 c3 36. Kg2 Ra2 37. h5 c2 38. Rc7 Kf8 39. a4 Rxa4 40. Rxc2 Rg4+ 41. Kf3 Rxg5 42. Rc8+ Kf7 1/2-1/2

[Event "Eurasia Open Cup 2018"]
[Site "Jekaterienburg"]
[Date "2018.08.09"]
[Round "8"]
[White "Gutenev, Alexander"]
[Black "Dubinin, Alexsandr"]
[Result "1-0"]
[ECO "B33"]
[WhiteElo "2470"]
[BlackElo "2260"]
[Annotator "ChessBase"]
[PlyCount "75"]
[EventDate "2018.08.01"]
[EventType "swiss"]
[EventCountry "RUS"]
[SourceTitle "playchess.com"]
[Source "ChessBase"]
[SourceQuality "1"]
[TimeControl "5400+30"]

1. e4 c5 2. Nf3 Nc6 3. d4 cxd4 4. Nxd4 Nf6 5. Nc3 e5 6. Ndb5 d6 7. Bg5 a6 8. Na3 b5 9. Nd5 Be7 10. Bxf6 Bxf6 11. c4 b4 12. Nc2 O-O 13. g3 a5 14. Bg2 Bg5 15. O-O Ne7 16. Nde3 Bxe3 17. Nxe3 Be6 18. Qd3 Qc7 19. b3 Nc6 20. Rad1 Rfd8 21. Nf5 a4 22. Qe3 Na5 23. Rd3 Nb7 24. Qd2 Nc5 25. Re3 Ra6 26. Rd1 Rb8 27. h3 Qd7 28. g4 Qa7 29. Rg3 Rd8 30. Nxg7 f6 31. Nh5 axb3 32. axb3 Ra2 33. Nxf6+ Kh8 34. Qh6 Nxb3 35. Nxh7 Qxf2+ 36. Kh2 Kg8 37. Qg6+ Kh8 38. Nf6 1-0

[Event "Eurasia Open Cup 2018"]
[Site "Jekaterienburg"]
[Date "2018.08.09"]
[Round "8"]
[White "Kozionov, Kirill"]
[Black "Isanzhulov, Arystan"]
[Result "1-0"]
[ECO "E61"]
[WhiteElo "2461"]
[BlackElo "2146"]
[Annotator "ChessBase"]
[PlyCount "85"]
[EventDate "2018.08.01"]
[EventType "swiss"]
[EventCountry "RUS"]
[SourceTitle "playchess.com"]
[Source "ChessBase"]
[SourceQuality "1"]
[TimeControl "5400+30"]

1. d4 d6 2. c4 g6 3. Nf3 Nf6 4. Nc3 Bf5 5. Qb3 Qc8 6. h3 c5 7. d5 Bg7 8. g4 Bd7 9. e4 O-O 10. Be3 Na6 11. Nd2 e5 12. Be2 Nc7 13. g5 Nfe8 14. h4 a6 15. Na4 Bxa4 16. Qxa4 b5 17. Qc2 bxc4 18. Nxc4 Nb5 19. Nb6 Qd8 20. Nxa8 Qxa8 21. a4 Nd4 22. Bxd4 exd4 23. Ra3 Nc7 24. h5 Re8 25. Kf1 Qd8 26. Rg3 a5 27. b3 Qc8 28. Rh4 Na6 29. Bb5 Re7 30. Qe2 Nb4 31. Qf3 Qb7 32. Rgh3 Bh8 33. Kg1 Qc8 34. Qh1 Qc7 35. Be2 d3 36. Bg4 Bd4 37. hxg6 fxg6 38. Be6+ Kh8 39. Qf3 Qd8 40. Rf4 Kg7 41. Rxh7+ Kxh7 42. Qh1+ Kg7 43. Qh6# 1-0

[Event "Eurasia Open Cup 2018"]
[Site "Jekaterienburg"]
[Date "2018.08.09"]
[Round "8"]
[White "Badmatsyrenov, Oleg"]
[Black "Kryakvin, Dmitry"]
[Result "0-1"]
[ECO "C00"]
[WhiteElo "2454"]
[BlackElo "2591"]
[Annotator "ChessBase"]
[PlyCount "84"]
[EventDate "2018.08.01"]
[EventType "swiss"]
[EventCountry "RUS"]
[SourceTitle "playchess.com"]
[Source "ChessBase"]
[SourceQuality "1"]
[TimeControl "5400+30"]

1. e4 e6 2. Qe2 c5 3. b3 Nc6 4. Bb2 Nge7 5. Qh5 d5 6. Nf3 dxe4 7. Ng5 Ng6 8. Nc3 Be7 9. Ncxe4 Nd4 10. O-O-O Bd7 11. Re1 Bc6 12. h4 Qd7 13. Rh3 Rd8 14. c3 Nf5 15. Rd3 Qc7 16. Rxd8+ Qxd8 17. g3 Qd7 18. Bh3 b6 19. c4 Nd4 20. f4 Kf8 21. Bc3 Kg8 22. Kb1 f5 23. Nf2 Bxg5 24. hxg5 Bf3 25. g4 Ne2 26. Rxe2 Bxe2 27. Bg2 Qd6 28. Qh1 Bxg4 29. Nxg4 fxg4 30. Be4 Qxf4 31. Kb2 Qxg5 32. Bc2 Nf8 33. Qa8 h5 34. d4 g3 35. Be4 cxd4 36. Bb4 Qf6 37. Qc8 Rh6 38. c5 bxc5 39. Qxc5 h4 40. Qd6 Qf2+ 41. Ka3 h3 42. Bc5 g2 0-1

[Event "Eurasia Open Cup 2018"]
[Site "Jekaterienburg"]
[Date "2018.08.09"]
[Round "8"]
[White "Drygalov, Andrey"]
[Black "Timofeev, Artyom"]
[Result "1/2-1/2"]
[ECO "C10"]
[WhiteElo "2450"]
[BlackElo "2590"]
[Annotator "ChessBase"]
[PlyCount "81"]
[EventDate "2018.08.01"]
[EventType "swiss"]
[EventCountry "RUS"]
[SourceTitle "playchess.com"]
[Source "ChessBase"]
[SourceQuality "1"]
[TimeControl "5400+30"]

1. e4 e6 2. d4 d5 3. Nd2 dxe4 4. Nxe4 Nd7 5. Nf3 Ngf6 6. Nxf6+ Nxf6 7. Be3 Be7 8. Bd3 O-O 9. Qe2 b6 10. O-O-O Bb7 11. Kb1 Nd5 12. Bd2 c5 13. c4 Nf6 14. Bc3 Qc7 15. dxc5 Qxc5 16. Ne5 Rad8 17. f3 Rd6 18. Rd2 Rfd8 19. Rhd1 a5 20. a3 g6 21. Bc2 Ba6 22. Rxd6 Rxd6 23. g3 Rxd1+ 24. Qxd1 Bxc4 25. Bd4 Qd5 26. Nxc4 Qxc4 27. Bxb6 Qb5 28. Bd4 e5 29. Bc3 Nd5 30. Qe1 Bxa3 31. Qxe5 Nxc3+ 32. Qxc3 Bb4 33. Qd3 Qxd3 34. Bxd3 f5 35. Kc2 Bc5 36. Kd1 Bg1 37. h3 Bf2 38. g4 f4 39. Ke2 Bh4 40. Bc4+ Kg7 41. b3 1/2-1/2

[Event "Eurasia Open Cup 2018"]
[Site "Jekaterienburg"]
[Date "2018.08.09"]
[Round "8"]
[White "Drygalov, Sergey"]
[Black "Matsenko, Sergei"]
[Result "1/2-1/2"]
[ECO "E39"]
[WhiteElo "2433"]
[BlackElo "2533"]
[Annotator "ChessBase"]
[PlyCount "82"]
[EventDate "2018.08.01"]
[EventType "swiss"]
[EventCountry "RUS"]
[SourceTitle "playchess.com"]
[Source "ChessBase"]
[SourceQuality "1"]
[TimeControl "5400+30"]

1. d4 Nf6 2. c4 e6 3. Nc3 Bb4 4. Qc2 c5 5. dxc5 O-O 6. a3 Bxc5 7. Nf3 b6 8. Bf4 Bb7 9. Rd1 Nc6 10. e3 Nh5 11. Bg3 Be7 12. Be2 h6 13. O-O Nxg3 14. hxg3 a6 15. Rd2 Qc7 16. Rfd1 Rfd8 17. g4 Na5 18. b4 Nxc4 19. Bxc4 Qxc4 20. Rxd7 Rxd7 21. Rxd7 Qc8 22. Qd1 Qxc3 23. Rxb7 Rd8 24. Rd7 Qc7 25. Rxd8+ Qxd8 26. Qc2 g6 27. g3 Bf6 28. Kg2 Kg7 29. Qc6 Qd3 30. a4 Qb3 31. a5 bxa5 32. bxa5 Qd3 33. Nd4 Bxd4 34. exd4 g5 35. Qd6 Qe4+ 36. Kf1 Qb1+ 37. Kg2 Qe4+ 38. Kf1 Qb1+ 39. Kg2 Qb7+ 40. Kg1 Qb1+ 41. Kg2 Qe4+ 1/2-1/2

[Event "Eurasia Open Cup 2018"]
[Site "Jekaterienburg"]
[Date "2018.08.09"]
[Round "8"]
[White "Kopylov, Alexander A"]
[Black "Patrushev, Konstantin"]
[Result "1-0"]
[ECO "E02"]
[WhiteElo "2421"]
[BlackElo "2138"]
[Annotator "NA"]
[PlyCount "77"]
[EventDate "2018.08.01"]
[EventType "swiss"]
[EventCountry "RUS"]
[SourceTitle "playchess.com"]
[Source "ChessBase"]
[SourceQuality "1"]
[TimeControl "5400+30"]

1. d4 Nf6 2. c4 e6 3. g3 d5 4. Bg2 dxc4 5. Qa4+ Bd7 6. Qxc4 Bc6 7. Bxc6+ {[%emt 0:00:49] E02: Open Catalan: 5 Qa4+} (7. Nf3 Be7 8. Nc3 a6 9. O-O b5 10. Qb3 O-O 11. Bg5 Nbd7 12. Rfd1 h6 13. Bxf6 Nxf6 14. Rac1 Qe8 15. a3 Rc8 {1-0 (46) Romanov,E (2619)-Moiseenko,V (2552) Batumi 2018}) 7... Nxc6 8. Nf3 Qd5 9. Qxd5 exd5 10. Nc3 O-O-O 11. Bg5 Be7 12. e3 $146 ({Predecessor:} 12. Rc1 Rhe8 13. Bf4 Ne4 14. Nxe4 dxe4 {½-½ (26) Kuba,S (2156)-Vyprachticky,D (2246) Klatovy 2016}) 12... h6 13. Bxf6 Bxf6 14. Rc1 Kb8 15. Ke2 Rhe8 16. Kd3 h5 17. h3 g6 18. g4 Rh8 19. g5 Bg7 20. a3 Ne7 21. Nh4 c5 22. f4 f5 23. gxf6 ({White should play} 23. b4 $16) 23... Bxf6 24. Nf3 Nf5 25. Rhg1 Rhe8 26. Rce1 Nh4 27. Nxh4 Bxh4 28. Ref1 cxd4 29. exd4 Rd6 30. f5 g5 31. Rg2 ({Reject} 31. f6 $6 Rf8 $11) 31... Rf8 {[%emt 0:09:33] [#]} 32. Re2 $1 Bg3 $16 33. Re5 Rdf6 34. Rxd5 Bf4 35. h4 Rxf5 36. Rxf5 Rxf5 37. hxg5 Rf8 38. Ne4 b6 39. Nf6 1-0

[Event "Eurasia Open Cup 2018"]
[Site "Jekaterienburg"]
[Date "2018.08.09"]
[Round "8"]
[White "Makhmutov, Rail"]
[Black "Gusarov, Aleksey"]
[Result "1-0"]
[ECO "E06"]
[WhiteElo "2416"]
[BlackElo "2238"]
[Annotator "NA"]
[PlyCount "65"]
[EventDate "2018.08.01"]
[EventType "swiss"]
[EventCountry "RUS"]
[SourceTitle "playchess.com"]
[Source "ChessBase"]
[SourceQuality "1"]
[TimeControl "5400+30"]

1. Nf3 Nf6 2. c4 e6 3. g3 d5 4. Bg2 Be7 5. O-O O-O 6. d4 c5 7. cxd5 Nxd5 8. dxc5 {[%emt 0:08:07] E06: Closed Catalan: Early deviations} (8. e4 Nb6 9. Nc3 cxd4 10. Nxd4 e5 11. Ndb5 Nc6 12. Nd5 Be6 13. Nbc7 Nxd5 14. Nxe6 fxe6 15. exd5 exd5 16. Qxd5+ Kh8 17. Be3 Qxd5 18. Bxd5 {1-0 (46) Vijayalakshmi,S (2357)-Szczepkowska,K (2419) Riadh 2017}) 8... Bxc5 9. e4 Nc7 10. Qc2 Qe7 11. e5 $146 ({Predecessor:} 11. Nc3 e5 12. Na4 Nca6 {½-½ (32) Luecke,V (1875)-Dirksen,A (1675) Bad Zwischenahn 2003}) 11... f6 12. Nc3 Bd7 13. Ne4 Bb6 14. exf6 gxf6 15. Bh6 Rd8 16. g4 Nd5 17. g5 f5 {[%emt 0:00:26] [#]} 18. Nf6+ $1 Nxf6 19. gxf6 Qxf6 20. Bg5 Qg7 21. Bxd8 Bxd8 22. Rad1 Nc6 {[%emt 0:05:59] [#]} 23. Qd3 $1 Be8 24. Qb3 Kh8 25. Qxe6 Bh5 $18 26. Kh1 Bf6 27. Rg1 Rg8 28. Qxf5 Bg4 29. Qe4 Ne5 30. Rde1 Nd7 31. Bh3 h5 32. Bxg4 hxg4 33. Qf5 1-0

[Event "Eurasia Open Cup 2018"]
[Site "Jekaterienburg"]
[Date "2018.08.09"]
[Round "8"]
[White "Yeletsky, Ivan"]
[Black "Grachev, Alexey"]
[Result "1/2-1/2"]
[ECO "B69"]
[WhiteElo "2412"]
[BlackElo "2277"]
[Annotator "NA"]
[PlyCount "89"]
[EventDate "2018.08.01"]
[EventType "swiss"]
[EventCountry "RUS"]
[SourceTitle "playchess.com"]
[Source "ChessBase"]
[SourceQuality "1"]
[TimeControl "5400+30"]

1. e4 c5 2. Nf3 d6 3. d4 cxd4 4. Nxd4 Nf6 5. Nc3 Nc6 6. Bg5 e6 7. Qd2 a6 8. O-O-O Bd7 9. f4 Be7 10. Nf3 b5 11. Bxf6 gxf6 12. f5 Qb6 13. Kb1 O-O-O 14. g3 {[%emt 0:01:33] B69: Sicilian: Richter-Rauzer: 7...a6 8 0-0-0 Bd7 9 f4 Be7 10 Nf3 b5 11 Bxf6} Kb8 15. Bh3 Na5 16. fxe6 fxe6 {[%emt 0:00:08] [#]} 17. b3 $146 ({Predecessor:} 17. Nd4 b4 18. Nce2 e5 19. Bxd7 {½-½ (19) Hovhannisyan,R (2601)-Demchenko,A (2672) Batumi 2018}) 17... b4 18. Ne2 Nb7 19. Rhe1 Nc5 20. Nf4 Qb7 21. Nd4 e5 22. Bxd7 Rxd7 23. Nde6 Nxe4 24. Rxe4 Qxe4 25. Nd5 Re8 26. h3 a5 27. g4 Qf3 28. Ng7 (28. Qe1 $1 $11 {bleibt in der Remisbreite.}) 28... Rg8 29. Nf5 Bd8 30. Rg1 $2 (30. Nfe3 $17) 30... h5 ({Don't take} 30... Qxh3 31. Qe2 $17) 31. Nfe3 hxg4 32. hxg4 Qe4 $17 33. Qe2 Qd4 34. Rd1 Qc5 35. Qh2 a4 36. Qd2 Rb7 37. bxa4 Qc6 38. Qd3 Rf8 39. Qb3 Qc5 40. Nc4 Rh8 41. Nde3 Bc7 42. Nd5 Bd8 43. Nde3 Bc7 44. Nd5 Bd8 45. Nde3 1/2-1/2

[Event "Eurasia Open Cup 2018"]
[Site "Jekaterienburg"]
[Date "2018.08.09"]
[Round "8"]
[White "Tsybikov, Tumen"]
[Black "Faizrakhmanov, Ramil"]
[Result "0-1"]
[ECO "B12"]
[WhiteElo "2272"]
[BlackElo "2407"]
[Annotator "NA"]
[PlyCount "44"]
[EventDate "2018.08.01"]
[EventType "swiss"]
[EventCountry "RUS"]
[SourceTitle "playchess.com"]
[Source "ChessBase"]
[SourceQuality "1"]
[TimeControl "5400+30"]

1. e4 c6 2. d4 d5 3. e5 Bf5 4. h4 h5 5. Bd3 Bxd3 6. Qxd3 e6 7. Bg5 Be7 8. Nf3 Nh6 9. Nc3 Nf5 10. Ne2 c5 11. c3 cxd4 12. Nexd4 Nxd4 13. Qxd4 Nc6 14. Qf4 f6 15. exf6 gxf6 16. Bh6 e5 17. Qd2 Qd7 18. O-O-O Qf5 19. a3 d4 20. Rde1 dxc3 21. Qe3 Na5 22. Nd4 cxb2+ 0-1

[Event "Eurasia Open Cup 2018"]
[Site "Jekaterienburg"]
[Date "2018.08.09"]
[Round "8"]
[White "Kolomensky, Vladimir"]
[Black "Shapiro, David"]
[Result "0-1"]
[ECO "C42"]
[WhiteElo "2104"]
[BlackElo "2326"]
[Annotator "NA"]
[PlyCount "152"]
[EventDate "2018.08.01"]
[EventType "swiss"]
[EventCountry "RUS"]
[SourceTitle "playchess.com"]
[Source "ChessBase"]
[SourceQuality "1"]
[TimeControl "5400+30"]

1. e4 e5 2. Nf3 Nf6 3. Nxe5 d6 4. Nf3 Nxe4 5. c4 Nc6 6. Nc3 Nxc3 7. dxc3 Be7 8. Bd3 Bg4 {[%emt 0:03:46] C42: Petroff Defence: 3 Nxe5 and unusual White 3rd moves} 9. Qc2 (9. Be4 Qd7 10. O-O O-O 11. Qc2 Kh8 12. Nd4 Nxd4 13. cxd4 c6 14. h3 Bh5 15. d5 Bg6 16. dxc6 bxc6 17. Bxg6 fxg6 {1-0 (60) Malakhov,V (2689)-Zhao,Y (2383) China 2018}) 9... Bh5 10. Be3 Bg6 11. O-O-O Qd7 $146 ({Predecessor:} 11... b6 12. Bxg6 hxg6 13. Qe4 Kd7 14. Rhe1 Qf8 15. c5 Rb8 16. Bf4 bxc5 {1-0 (27) Menendez Rey,F (2205)-Quidiello Prado,M (2166) Asturias 2003}) 12. c5 O-O-O 13. Bxg6 hxg6 14. cxd6 Bxd6 15. h3 Rh5 16. Rhe1 Ne5 17. Nd2 Be7 18. Bd4 Nc6 19. Nf3 Nxd4 $11 20. Rxd4 Bd6 21. Kb1 Re8 22. Rde4 Rxe4 23. Rxe4 Rh8 24. Ne5 Qf5 25. Nc4 Bc5 26. f3 Rd8 27. b4 Bf8 28. Kb2 Qd7 29. Rd4 Qe6 30. Re4 Qd7 31. Rd4 Qc6 32. Qd3 Be7 33. Rxd8+ Bxd8 34. Na5 Qe8 35. Nc4 Bf6 36. Ne3 Bg5 37. Nc2 Qe5 38. Qc4 Qf4 39. Qxf4 Bxf4 40. Ne1 b5 41. Nd3 Bd6 42. Kb3 Kd7 43. c4 c6 44. a4 a6 45. cxb5 cxb5 46. axb5 axb5 47. Kc3 Bg3 48. Kd4 Kd6 49. Ke4 f5+ 50. Kd4 g5 51. Nc1 Bf2+ 52. Kd3 Be1 53. Na2 Kd5 54. Ke2 Bg3 55. Kd3 Bd6 56. Nc3+ Kc6 57. Na2 Be7 58. Ke2 Kd5 59. Kd3 Bf6 60. Nc3+ Bxc3 61. Kxc3 Ke5 62. g3 g4 63. hxg4 fxg4 64. fxg4 g5 65. Kd3 Kd5 66. Ke3 Kc4 67. Ke4 Kxb4 68. Kf5 Kc5 69. Kxg5 b4 70. Kh6 b3 71. g5 b2 72. g6 b1=Q 73. g7 Qh1+ 74. Kg6 Qd5 75. Kh7 Qh5+ 76. Kg8 Kd6 0-1